cohdb
Replays
Latest Replays
All Replays
Popular Replays
Top Player Replays
Match Explorer
How It Works
Community
CoH3 Stats
Reddit
Sign in to upload your games and track your stats! →
Sign in with Steam
Match 41431693
Unlisted
Match 41431693
Overview
Messages
Build Orders
End
Kettenkrad Recon Vehicle
Construct Infanterie Kompanie
Pioneer Squad
MG 42 Machine Gun Team
Grenadier Squad
MG 42 Machine Gun Team
Construct Luftwaffe Kompanie
221 Scout Car
Selects Breakthrough Battlegroup
Selects Rapid Production
GrW 34 Mortar Team
Jäger Squad
Luftwaffe Officer Quarters
Support Elements
Medical Bunker
Wirbelwind Flakpanzer
Wirbelwind Flakpanzer
Selects Blitzkrieg
Repair Bunker
Grenadier Squad
Jäger Squad
Marder III M Tank Destroyer
Jäger Squad
Wirbelwind Flakpanzer
Side Skirts
Selects Tiger Heavy Tank
Bobtheorangutan
SgtSteiner
0
0
Comments
sign in to comment!
No comments posted yet!